 Dungeon Crawl Stone Soup version 0.23.0-3-gf3c87f2df8 (webtiles) character file.

Game seed: 13965723449074462387

145 MagicGaucho the Bolt Thrower (level 5, -2/32 HPs)
             Began as a Kobold Hunter on Feb 24, 2019.
             Killed by nerve-wracking pain
             ... invoked by Grinder
              (8 damage)
             ... on level 3 of the Dungeon.
             The game lasted 00:05:03 (2333 turns).

MagicGaucho the Bolt Thrower (Kobold Hunter)        Turns: 2333, Time: 00:05:03

Health: -2/32      AC:  6    Str: 10    XL:     5   Next: 53%
Magic:  5/5        EV: 13    Int: 13    God:
Gold:   142        SH:  0    Dex: 15    Spells: 4/4 levels left

rFire    . . .     SeeInvis .   a - +1 hand crossbow
rCold    . . .     Gourm    .   (shield restricted)
rNeg     . . .     Faith    .   i - +0 ring mail
rPois    .         Spirit   .   (no helmet)
rElec    .         Reflect  .   (no cloak)
rCorr    .         Harm     .   (no gloves)
MR       +....                  t - +0 pair of boots
Stlth    ++........             (no amulet)
HPRegen  0.10/turn              e - ring of protection from magic
MPRegen  0.09/turn              (no ring)

@: no status effects
A: small, carnivore
a: no special abilities


You were on level 3 of the Dungeon.
You were very full.

You visited 1 branch of the dungeon, and saw 3 of its levels.

You collected 142 gold pieces.

Inventory:

Hand Weapons
 a - a +1 hand crossbow (weapon)
 b - a +0 short sword of electrocution
Missiles
 d - 17 bolts (quivered)
 g - 84 stones
Armour
 i - a +0 ring mail (worn)
 t - a +0 pair of boots (worn)
Jewellery
 e - a ring of protection from magic (left hand)
Scrolls
 c - a scroll of remove curse {unknown}
 l - a scroll of blinking {unknown}
 m - 5 scrolls of identify {unknown}
 o - a scroll of amnesia {unknown}
 q - a scroll of random uselessness {unknown}
 s - a scroll of fear {unknown}
 u - a scroll of immolation {unknown}
 v - a scroll of magic mapping {unknown}
Potions
 h - a potion of degeneration {unknown}
 j - 2 potions of resistance {unknown}
 k - 4 potions of ambrosia {unknown}
 n - 2 potions of agility {unknown}
 p - 2 potions of magic {unknown}
 r - a potion of cancellation {unknown}
 w - a potion of lignification {unknown}
Comestibles
 f - 3 rations


   Skills:
 + Level 3.3 Fighting
 * Level 3.4 Short Blades
 + Level 5.5 Crossbows
 - Level 2.4 Dodging
 + Level 3.5 Stealth


You had 4 spell levels left.
You didn't know any spells.
Your spell library was empty.

Dungeon Overview and Level Annotations

Branches:
Dungeon (3/15)

Altars:
Vehumet

Annotations:
D:2 1 runed translucent door, Crazy Yiuf
D:3 Grinder


Innate Abilities, Weirdness & Mutations

You are small and have problems with some larger weapons.
You are carnivorous and can eat meat at any time.


Message History

You hit Grinder.
Grinder is almost dead.
Grinder blinks!
Your +0 short sword of electrocution stops crackling.
a - a +1 hand crossbow (weapon)
Firing (i - inventory. (/) - cycle)
d - 19 bolts (quivered)
Press: ? - help, Shift-Dir - straight line, f/p - Grinder
Aim: Grinder (almost dead)
You shoot a bolt.
The bolt hits Grinder but does no damage.
Grinder is almost dead.
Firing (i - inventory. (/) - cycle)
d - 18 bolts (quivered)
Press: ? - help, Shift-Dir - straight line, f/p - Grinder
Aim: Grinder (almost dead)
You shoot a bolt. The bolt closely misses Grinder.
Grinder gestures at you. You resist with some effort. Grinder gestures at you.
Pain shoots through your body!
You die...

#.##.# ####.#########
######.##.# #.#
#.......#.# ..#
#.####..#.##### #.## ##.##
#........# #.
##...###....###.# #.
#........#>.# .# #.
#....###...####.### #.#.##
##..<.@§.5(# #.#.#
####....#.# #.#.# #)####.#
#.#.# ##.####.########
#.#.# #.)[.†..........
#.#.#######.÷####[#######.
#.)..........###..#
#.########.#.#.#.#... #.#
#.........##


You could see Grinder.

Vanquished Creatures
  An orc priest (D:3)
  Jessica (D:2)
  2 adders (D:3)
  2 oozes (D:2)
  3 dart slugs
  3 leopard geckos (D:3)
  4 orcs (D:3)
  A bat (D:1)
  2 giant cockroaches
  5 goblins
  A hobgoblin (D:1)
  6 jackals (D:1)
  7 kobolds
  2 quokkas (D:2)
  4 frilled lizards
  6 rats (D:1)
50 creatures vanquished.

Notes
Turn   | Place    | Note
-------+----------+-------------------------------------------
     0 | D:1      | MagicGaucho the Kobold Hunter began the quest for the Orb.
     0 | D:1      | Reached XP level 1. HP: 12/12 MP: 1/1
    53 | D:1      | Reached XP level 2. HP: 18/18 MP: 2/2
   121 | D:1      | Reached skill level 1 in Short Blades
   121 | D:1      | Reached skill level 5 in Crossbows
   314 | D:1      | Reached XP level 3. HP: 22/22 MP: 3/3
   559 | D:1      | You fall through a shaft!
  1006 | D:2      | Found a radiant altar of Vehumet.
  1101 | D:2      | Noticed Jessica
  1105 | D:2      | Killed Jessica
  1105 | D:2      | Reached XP level 4. HP: 28/28 MP: 4/4
  1538 | D:2      | Found a runed translucent door.
  1539 | D:2      | Noticed Crazy Yiuf
  1662 | D:3      | Noticed Grinder
  1665 | D:3      | Paralysed by Grinder for 5 turns
  1674 | D:3      | Paralysed by Grinder for 4 turns
  1997 | D:3      | Reached XP level 5. HP: 27/32 MP: 5/5
  2252 | D:3      | Noticed a centaur
  2333 | D:3      | Killed from afar by Grinder

Skill      XL: |  1  2  3  4  5 |
---------------+----------------+-----
Short Blades   | 1 2 3 |  3.4
Crossbows      | 5 |  5.5
Stealth        | 2 3 |  3.5
Fighting       | 3 |  3.3
Dodging        | |  2.4

Action                   |  1- 3 |  4- 6 || total
-------------------------+-------+-------++-------
Melee: Short sword       |   100 |    80 ||   180
 Fire: Hand crossbow     |     9 |     5 ||    14
Throw: Stone             |     5 |       ||     5
 Stab: Sleeping          |     6 |     1 ||     7
  Eat: Chunk             |     9 |     2 ||    11
Armor: Leather armour    |     7 |       ||     7
       Ring mail         |    19 |    14 ||    33
Dodge: Dodged            |    67 |    34 ||   101
